 Dungeon Crawl Stone Soup version 0.30-a0-368-g86fb4627a9 (webtiles) character file.

Game seed: 8859335152971946791

1116 sleeves the Basher (level 8, 0/58 HPs)
             Began as a Demonspawn Berserker on Nov 19, 2022.
             Was a Priest of Trog.
             Slain by Maggie
             ... wielding a +0 war axe of flaming
              (1 damage)
             ... on level 6 of the Dungeon.
             The game lasted 00:04:00 (3738 turns).

sleeves the Basher (Demonspawn Berserker)           Turns: 3738, Time: 00:04:00

Health: 0/58       AC:  8    Str: 24    XL:     8   Next: 12%
Magic:  8/8        EV: 11    Int:  9    God:    Trog [***...]
Gold:   356        SH:  3    Dex: 15    Spells: 7/7 levels left

rFire   . . .      SeeInvis .    q - +10 hammer of Lomis {vorpal, rElec rN+ Str+5}
rCold   . . .      Faith    .    a - +0 buckler
rNeg    + . .      Spirit   .    d - +0 ring mail
rPois   .          Reflect  .    I - +0 helmet
rElec   +          Harm     .    p - +0 cloak
rCorr   .          Rampage  .    i - +0 pair of gloves
Will    .....                    (no boots)
Stlth   ++........               b - amulet of regeneration
HPRegen 1.09/turn                (no ring)
MPRegen 0.22/turn                (no ring)

@: mesmerised
A: hooves 1, thin skeletal structure 1, demonic guardian 1, magic regeneration
a: Renounce Religion, Berserk, Trog's Hand


You were on level 6 of the Dungeon.
You worshipped Trog.
Trog was most pleased with you.
You visited 1 branch of the dungeon, and saw 6 of its levels.

You collected 356 gold pieces.

Inventory:

Hand Weapons
 q - the +10 hammer of Lomis (weapon) {vorpal, rElec rN+ Str+5}
   (You found it on level 2 of the Dungeon)

   It inflicts extra damage upon your enemies.
   Str:       It affects your strength (+5).
   rElec:     It insulates you from electricity.
   rN:        It protects you from negative energy.
Missiles
 z - 4 silver javelins (quivered)
 E - 3 atropa-tipped darts
 G - 5 poisoned darts
Armour
 a - a +0 buckler (worn)
   (You found it on level 3 of the Dungeon)
 d - a +0 ring mail (worn)
   (You found it on level 1 of the Dungeon)
 i - a +0 pair of gloves (worn)
   (You found it on level 1 of the Dungeon)
 p - a +0 cloak (worn)
   (You took it off Crazy Yiuf on level 2 of the Dungeon)
 I - a +0 helmet (worn)
   (You found it on level 6 of the Dungeon)
Jewellery
 b - an amulet of regeneration (around neck)
   (You found it on level 1 of the Dungeon)
 g - a ring of ice
   (You found it on level 1 of the Dungeon)
 u - a ring of fire
   (You found it on level 3 of the Dungeon)
Wands
 t - a wand of digging (7)
   (You found it on level 3 of the Dungeon)
 x - a wand of mindburst (15)
   (You took it off Ijyb on level 3 of the Dungeon)
Scrolls
 c - 10 scrolls of identify {unknown}
 f - a scroll of vulnerability {unknown}
 h - 2 scrolls of enchant weapon {unknown}
 j - a scroll of noise {unknown}
 l - 4 scrolls of teleportation {unknown}
 r - 2 scrolls of summoning {unknown}
 v - a scroll of butterflies {unknown}
 w - a scroll of enchant armour {unknown}
 y - a scroll of magic mapping {unknown}
 A - 2 scrolls of blinking {unknown}
 B - a scroll of poison {unknown}
 D - 2 scrolls of amnesia {unknown}
 F - 2 scrolls of silence {unknown}
 K - a scroll of immolation {unknown}
Potions
 e - 4 potions of curing {unknown}
 k - 2 potions of degeneration {unknown}
 m - a potion of heal wounds {unknown}
 n - a potion of flight {unknown}
 o - 2 potions of cancellation {unknown}
 s - a potion of ambrosia {unknown}
 C - a potion of lignification {unknown}
 H - a potion of berserk rage {unknown}
 J - a potion of magic {unknown}


   Skills:
 - Level 3.0 Fighting
 + Level 9.2 Maces & Flails
 - Level 1.7 Armour
 - Level 1.7 Dodging


You had 7 spell levels left.
You didn't know any spells.
Your spell library was empty.

Dungeon Overview and Level Annotations

Branches:
Dungeon (6/15)             Temple (0/1) D:4

Altars:

Annotations:
D:6 Maggie


Innate Abilities, Weirdness & Mutations

You have large cloven feet.
You have a somewhat thin skeletal structure. (Dex +2, Stealth+)
A weak demonic guardian rushes to your aid.
You regenerate magic rapidly.


Message History

No reachable target in view!
No target in view!
No target in view!
No target in view!
No target in view!
No target in view!
No target in view!
You sock the ball python!
You kill the ball python!
Trog accepts your kill.
No target in view!
No target in view!
No target in view!
No target in view!
No target in view!
No target in view!
No target in view!
No target in view!
No target in view!
No target in view!
You see here a ball python corpse.
A quokka and a ball python come into view.
There are monsters nearby!
There are monsters nearby!
The ball python hisses angrily.
A kobold and an endoplasm come into view.
Found a stone staircase leading down.
The quokka barely misses you. The ball python barely misses you.
You block the ball python's attack.
You barely miss the ball python. The quokka barely misses you.
The ball python bites you. The ball python closely misses you.
The endoplasm quivers.
You sock the ball python!
You kill the ball python!
Trog accepts your kill. The quokka completely misses you.
The quokka barely misses you.
You hit the endoplasm.
The endoplasm is severely wounded.
The quokka barely misses you. The endoplasm closely misses you.
You sock the endoplasm!
You kill the endoplasm!
Trog accepts your kill. You block the quokka's attack. The quokka bites you.
You sock the quokka!
You kill the quokka!
Trog accepts your kill.
No target in view!
No target in view!
No target in view!
No target in view!
No target in view!
No target in view!
No target in view!
No target in view!
No target in view!
No target in view!
No target in view!
No target in view!
No target in view!
No target in view!
A kobold is nearby!
A kobold is nearby!
A goblin comes into view. It is wielding a +0 dagger of venom.
The kobold throws a stone.
The stone barely misses you.
You barely miss the kobold. The kobold hits you with a +0 whip.
You sock the kobold!
You kill the kobold!
Trog accepts your kill.
Things that are here:
a +0 whip; 3 stones; a kobold corpse A hound comes into view.
You closely miss the goblin. The goblin barely misses you.
You closely miss the goblin. The goblin barely misses you.
You hit the goblin but do no damage.
The hound barks!
The goblin hits you but does no damage.
You are poisoned.
There are monsters nearby!
There are monsters nearby!
There are monsters nearby!
You hit the goblin.
You kill the goblin!
Trog accepts your kill.
You feel sick.
A ball python comes into view.
Found a plate armour.
You feel sick. The hound barely misses you.
The ball python hisses angrily.
You hit the hound.
The hound is heavily wounded.
You feel sick. The hound bites you.
Blork the orc comes into view.
He is wielding a +0 short sword.
Blork the orc shouts!
You thump the hound!
You kill the hound!
Trog accepts your kill.
You feel sick.
Your Maces & Flails skill increases to level 6!
You feel sick.
The ball python bites you but does no damage.
You block the ball python's attack.
You bludgeon the ball python!!
You kill the ball python!
Trog accepts your kill.
You feel sick.
You are no longer poisoned.
Blork the orc casts a spell at you. The puff of flame hits you!
Found a pair of gloves.
Blork the orc hits you but does no damage.
You sock Blork the orc!
Blork the orc is heavily wounded.
Blork the orc looks braver for a moment.
You thump Blork the orc!
Blork the orc is almost dead.
Blork the orc screams, "I'll eat your brain!
And then I'll vomit it back up!"
You block Blork the orc's attack. Blork the orc casts a spell at you.
The magic dart hits you but does no damage.
You barely miss Blork the orc.
Blork the orc is almost dead.
Blork the orc hits you with a +0 short sword.
You closely miss Blork the orc.
Blork the orc is almost dead.
Blork the orc hits you with a +0 short sword.
Blork the orc is nearby!
Blork the orc is nearby!
You are too injured to fight recklessly!
You sock Blork the orc!
You kill Blork the orc!
Trog accepts your kill.
Trog appreciates your killing of a magic user.
You have reached level 6!
Your demonic ancestry asserts itself...
Your magic begins to regenerate rapidly.
HP restored.
Things that are here:
a +0 dagger of venom; a goblin corpse
Things that are here:
a +0 short sword; a +2 robe
Things that are here:
a +0 whip; 3 stones; a kobold corpse
A - a scroll labelled WUPILI QOXE An orc priest comes into view.
It is wielding a +0 trident.
An orc comes into view. It is wielding a +0 whip.
The orc moves out of view.
An orc wizard comes into view.
It is wielding a +0 dagger and wearing a +2 robe of cold resistance.
An endoplasm comes into view.
The endoplasm quivers.
The orc priest shouts!
You hear a shout!
The orc priest calls down the wrath of Beogh upon you.
Beogh smites you!
The endoplasm moves out of view.
An orc and an orc wizard come into view.
Found a morningstar.
The orc wizard shouts!
The orc closely misses you.
You hit the orc.
The orc is almost dead.
The orc closely misses you.
You barely miss the orc.
The orc is almost dead.
You sock the orc wizard!
You kill the orc wizard!
Trog accepts your kill.
Trog appreciates your killing of a magic user.
The orc barely misses you.
You bludgeon the orc!!
You kill the orc!
Trog accepts your kill.
The orc priest looks satisfied for a moment.
You thump the orc wizard!
The orc wizard is almost dead.
The orc wizard closely misses you.
You closely miss the orc wizard.
The orc wizard is almost dead.
The orc priest invokes the aid of Beogh against you.
Beogh smites you! The orc wizard casts a spell at you.
The puff of flame hits you!
You are too injured to fight recklessly!
There are monsters nearby!
A red film seems to cover your vision as you go berserk!
You feel yourself moving faster!
You feel mighty!
You feel a strong urge to attack something.
The orc priest completely misses you. The endoplasm hits you.
The orc wizard hits you but does no damage.
Things that are here:
a +0 whip; a +0 dagger; a +2 robe of cold resistance You sock the endoplasm!
You kill the endoplasm!
Trog accepts your kill. The orc priest barely misses you.
You barely miss the orc. The orc hits you with a +0 mace.
The orc priest barely misses you.
The orc wizard hits you but does no damage.
You sock the orc!
You kill the orc!
Trog accepts your kill.
You hit the orc wizard.
You kill the orc wizard!
Trog accepts your kill.
Trog appreciates your killing of a magic user.
The orc priest barely misses you.
The orc priest hits you but does no damage.
You sock the orc priest!
You kill the orc priest!
Trog accepts your kill.
You are no longer berserk.
You are exhausted.
You feel yourself slow down.
Things that are here:
a +0 trident; an orc corpse
B - a scroll labelled XEOMUR QACUAN
Things that are here:
a +0 mace; an orc corpse
Items here: ))) [[ †.
Things that are here:
a +0 mace; an orc corpse You feel yourself speed up.
Found a club.
You recover from your berserk rage.
A goblin comes into view. It is wielding a +0 club.
Found a broad axe.
The goblin shouts!
The goblin hits you with a +0 club.
You thump the goblin!
You kill the goblin!
Trog accepts your kill.
No target in view!
No target in view!
No target in view!
No target in view!
No target in view!
No target in view!
You see here a +0 broad axe.
Key pressed, stopping explore.
A goblin comes into view. It is wielding a +0 spear.
A goblin is nearby!
A goblin is nearby!
The goblin shouts!
The goblin throws a stone.
The stone hits you but does no damage. The goblin hits you with a +0 spear.
There is a stone staircase leading down, spattered with blood here.
You miss the goblin. The goblin hits you with a +0 spear.
You thump the goblin!
You kill the goblin!
Trog accepts your kill.
No target in view!
No target in view!
No target in view!
No target in view!
No target in view!
An adder comes into view.
An adder is nearby!
An adder is nearby!
Found a cyan potion.
The helpless adder fails to defend itself.
You bludgeon the adder!!
You kill the adder!
Trog accepts your kill.
No target in view!
No target in view!
No target in view!
No target in view!
No target in view!
No target in view!
No target in view!
No target in view!
No target in view!
No target in view!
No target in view!
No target in view!
No target in view!
No target in view!
No target in view!
You see here an adder corpse.
C - a cyan potion
Found a glowing golden altar of the Shining One.
You now have 264 gold pieces (gained 18).
Found a dagger.
No target in view!
No target in view!
An adder comes into view.
The adder hisses angrily.
An adder is nearby!
An adder is nearby!
You barely miss the adder. The adder bites you but does no damage.
The adder barely misses you.
You hit the adder.
The adder is severely wounded.
The adder bites you but does no damage.
You sock the adder!
You kill the adder!
Trog accepts your kill.
No target in view!
No target in view!
No target in view!
No target in view!
No target in view!
No target in view!
No target in view!
No target in view!
An orc comes into view. It is wielding a +0 dagger.
The orc shouts!
An orc is nearby!
An orc is nearby!
An orc is nearby!
You block the orc's attack.
You sock the orc!
You kill the orc!
Trog accepts your kill.
No target in view!
No target in view!
No target in view!
No target in view!
No target in view!
No target in view!
No target in view!
No target in view!
No target in view!
No target in view!
Things that are here:
a +0 dagger; an orc corpse
Things that are here:
a +0 dagger; an orc corpse
l - 4 scrolls labelled EDAZYO DIMUFIY (gained 1)
You now have 280 gold pieces (gained 16).
A quokka comes into view.
A quokka is nearby!
A quokka is nearby!
A quokka is nearby!
A quokka is nearby!
You barely miss the quokka. The quokka barely misses you.
You hit the quokka.
The quokka is severely wounded.
The quokka bites you but does no damage.
You block the quokka's attack.
You bludgeon the quokka!!
You kill the quokka!
Trog accepts your kill.
No target in view!
No target in view!
No target in view!
No target in view!
Found 4 stones.
An iguana and a dart slug come into view.
Found 3 atropa-tipped darts and a scroll labelled OCEERO KYANOG.
There are monsters nearby!
The iguana hisses angrily.
The iguana hisses menacingly.
You thump the iguana!
The iguana is severely wounded.
The iguana closely misses you.
You hit the iguana.
The iguana is almost dead.
The iguana barely misses you.
You sock the iguana!
You kill the iguana!
Trog accepts your kill.
Your Maces & Flails skill increases to level 7!
You sock the dart slug!
You kill the dart slug!
Trog accepts your kill.
No target in view!
No target in view!
No target in view!
No target in view!
No target in view!
No target in view!
No target in view!
No target in view!
No target in view!
No target in view!
No target in view!
No target in view!
D - a scroll labelled OCEERO KYANOG
E - 3 atropa-tipped darts
Found a chain mail.
Found a stone staircase leading up.
Found a stone staircase leading down.
You see here a +0 morningstar.
You see here an iguana corpse.
D - 2 scrolls labelled OCEERO KYANOG (gained 1)
You see here 4 stones.
A ball python comes into view.
A ball python is nearby!
A ball python is nearby!
A ball python is nearby!
The ball python hisses angrily.
The ball python bites you but does no damage.
The ball python closely misses you.
You barely miss the ball python. The ball python barely misses you. x2
You sock the ball python!
You kill the ball python!
Trog accepts your kill.
No target in view!
No target in view!
No target in view!
No target in view!
No target in view!
No target in view!
No target in view!
No target in view!
No target in view!
Key pressed, stopping explore.
Items here: ))) [[.
Found a stone staircase leading up.
No target in view!
There is a stone staircase leading up here.
You see here a +0 dagger.
Done exploring.
Done exploring.
Done exploring.
Done exploring.
Done exploring.
(D) Dungeon (T) Temple
Where to? (Enter - D:4, ? - help)
There is a stone staircase leading down here.
You climb downwards.
The adder hisses angrily.
The orc wizard shouts!
The orc shouts!
The orc wizard shouts!
The orc shouts!
Found 5 stones and a scroll labelled WUKEBAPHEMN.
There is a stone staircase leading up here.
There are monsters nearby!
There are monsters nearby!
There are monsters nearby!
The orc wizard gestures wildly while chanting.
The orc wizard flickers and vanishes!
Deactivating autopickup; reactivate with Ctrl-A.
The orc wizard mumbles some strange words.
The orc wizard flickers and vanishes!
The ogre shouts!
You hit the howler monkey.
The howler monkey is moderately wounded.
The howler monkey hits you but does no damage.
A red film seems to cover your vision as you go berserk!
You feel yourself moving faster!
You feel mighty!
The howler monkey hoots and howls with incredible vigour!
You hear an angry hiss. x2; You hear a howl!
You hear an angry hiss.
You closely miss the howler monkey.
The howler monkey is moderately wounded.
The howler monkey hits you but does no damage.
You bludgeon the howler monkey!!
You kill the howler monkey!
Trog accepts your kill.
The ogre hits you with a +0 giant club!!
The orc wizard points at you and mumbles some strange words.
You resist with some effort. The adder barely misses you.
You sock the orc wizard!
You kill the orc wizard!
Trog accepts your kill.
Trog appreciates your killing of a magic user.
You thump the ogre!
The ogre is severely wounded.
The adder closely misses you. The ogre barely misses you.
You sock the ogre!
You feel the power of Trog in you as your rage grows.
You kill the ogre!
Trog accepts your kill. The adder misses you.
Something hits you but does no damage. The orc hits you but does no damage.
Something hits you.
You have reached level 7!
Your demonic ancestry asserts itself...
Your feet thicken and deform.
You miss the adder. You kick the adder!
The adder is almost dead.
The adder bites you.
You are poisoned.
The adder poisons you! You block something's attack.
You hear some strange, mumbled words.
A puff of flame appears from out of thin air!
The puff of flame hits you. The orc completely misses you.
You miss the adder. Your kick misses the adder.
The adder is almost dead.
You feel sick. The adder bites you but does no damage. Something hits you.
You sock the adder!
You kill the adder!
Trog accepts your kill.
You feel sick.
You barely miss the orc.
You feel sick. The orc hits you but does no damage. x2
Something hits you.
You are too injured to fight recklessly!
You are too injured to fight recklessly!
You are too injured to fight recklessly!
You are too injured to fight recklessly!
You are too injured to fight recklessly!
You are too injured to fight recklessly!
You are too injured to fight recklessly!
You are too injured to fight recklessly!
You are too injured to fight recklessly!
You are too injured to fight recklessly!
You are too injured to fight recklessly!
You are too injured to fight recklessly!
You are too injured to fight recklessly!
You are too injured to fight recklessly!
You are too injured to fight recklessly!
You are too injured to fight recklessly!
You are too injured to fight recklessly!
You miss something. Your kick misses something. The orc barely misses you.
Something hits you but does no damage. The orc misses you.
Something hits you but does no damage.
You thump something! Trog accepts your kill.
Trog appreciates your killing of a magic user.
Reactivating autopickup.
You feel a bit more experienced.
You feel sick.
You are no longer poisoned.
You bludgeon the orc!!
You kill the orc!
Trog accepts your kill. The orc barely misses you. Something hits you.
Deactivating autopickup; reactivate with Ctrl-A.
You bludgeon the orc!!
You kill the orc!
Trog accepts your kill. Something hits you but does no damage.
You see here a +0 mace.
You feel a strong urge to attack something.
Something hits you.
There is a stone staircase leading up, spattered with blood here.
You start resting.
Something hits you but does no damage.
You start resting.
You feel your anger nearly subside.
You are no longer berserk.
You are exhausted.
You feel yourself slow down.
You start resting.
Something hits you but does no damage.
You hear some strange, mumbled words.
Something tries to affect you, but you resist.
You sock something! Your kick misses something.
Something hits you but does no damage.
You hit something. Trog accepts your kill.
Trog appreciates your killing of a magic user.
Reactivating autopickup.
You feel a bit more experienced.
Items here: )) [[.
Items here: )) [[.
There is a stone staircase leading up, spattered with blood here.
You start resting.
HP restored.
Okay, then.
Unknown command.
Unknown command.
F - a scroll labelled WUKEBAPHEMN You feel yourself speed up.
Found a ring mail.
You recover from your berserk rage.
An adder comes into view.
An adder is nearby!
No target in view!
No target in view!
No target in view!
No target in view!
No target in view!
No target in view!
No target in view!
No target in view!
No target in view!
No target in view!
The adder hisses angrily.
You thump the adder!
You kill the adder!
Trog accepts your kill.
No target in view!
No target in view!
No target in view!
No target in view!
No target in view!
No target in view!
No target in view!
No target in view!
You now have 300 gold pieces (gained 20).
You see here an adder corpse.
You open the door.
An adder and a worm come into view.
Found a stone staircase leading up.
There are monsters nearby!
There are monsters nearby!
The adder hisses angrily.
You sock the adder! You kick the adder.
You kill the adder!
Trog accepts your kill.
You hear an angry hiss.
An iguana and a dart slug come into view.
There is an open door here.
Found a spear.
The iguana bites you but does no damage.
You hit the iguana. Your kick misses the iguana.
The iguana is heavily wounded.
The iguana barely misses you.
You hit the iguana.
The iguana is severely wounded.
The iguana barely misses you.
You hit the iguana. You kick the iguana.
The iguana is almost dead.
The iguana bites you.
You barely miss the iguana. You kick the iguana, but do no damage.
The iguana is almost dead.
You block the iguana's attack.
You sock the iguana!
You kill the iguana!
Trog accepts your kill. The worm bites you but does no damage.
The dart slug launches a dart at you. The slug dart hits you.
Your Maces & Flails skill increases to level 8!
You sock the worm!
You kill the worm!
Trog accepts your kill. The dart slug barely misses you.
A dart slug is nearby!
A dart slug is nearby!
You bludgeon the dart slug!!
You kill the dart slug!
Trog accepts your kill.
No target in view!
No target in view!
No target in view!
No target in view!
No target in view!
No target in view!
No target in view!
No target in view!
No target in view!
No target in view!
You open the door.
A howler monkey comes into view.
Found 5 poisoned darts.
A howler monkey is nearby!
A howler monkey is nearby!
A howler monkey is nearby!
Found a scroll labelled DIRCHO JUPUESM.
There is an open door here.
The howler monkey howls!
You sock the howler monkey!
The howler monkey is almost dead.
The howler monkey hits you but does no damage.
You thump the howler monkey!
You kill the howler monkey!
Trog accepts your kill.
No target in view!
No target in view!
No target in view!
c - 9 scrolls labelled DIRCHO JUPUESM (gained 1)
A water moccasin comes into view.
A water moccasin is nearby!
A water moccasin is nearby!
The water moccasin hisses angrily.
The water moccasin barely misses you. The water moccasin bites you.
You closely miss the water moccasin. Your kick misses the water moccasin.
You block the water moccasin's attack.
You barely miss the water moccasin. The water moccasin closely misses you.
The water moccasin bites you but does no damage.
You sock the water moccasin!
The water moccasin is severely wounded.
You block the water moccasin's attack.
You miss the water moccasin.
The water moccasin is severely wounded.
The water moccasin bites you but does no damage. x2
You hit the water moccasin.
The water moccasin is almost dead.
The water moccasin completely misses you.
You hit the water moccasin.
You kill the water moccasin!
Trog accepts your kill.
No target in view!
No target in view!
No target in view!
No target in view!
No target in view!
No target in view!
No target in view!
No target in view!
G - 5 poisoned darts
Found a stone staircase leading down.
r - 2 scrolls labelled DACUCO YTUAHU (gained 1)
A - 2 scrolls labelled WUPILI QOXE (gained 1)
H - a red potion No target in view!
No target in view!
No target in view!
No target in view!
No target in view!
No target in view!
No target in view!
No target in view!
No target in view!
You open the door.
There is an open door here.
You open the door.
There is an open door here.
Found a club.
You now have 317 gold pieces (gained 17).
You see here a +0 club.
You see here a +0 club.
There is an open door here.
There is an open door here.
There is an open door here.
There is an open door here.
You see here a +0 mace.
Things that are here:
a +0 dagger; a +0 robe Done exploring.
Done exploring.
Done exploring.
No target in view!
No target in view!
No target in view!
No target in view!
No target in view!
Done exploring.
Done exploring.
Done exploring.
(D) Dungeon (T) Temple
Where to? (Enter - D:5, ? - help)
There is an open door here.
You see here a dart slug corpse.
There is an open door here.
There is a stone staircase leading down here.
You climb downwards.
You hear the sound of rushing water.
There is an entrance to a sewer on this level.
Hurry and find it before the portal rusts away!
The orc shouts!
The adder hisses angrily.
Found a helmet, a mace and a lumpy blue potion.
Found a stone staircase leading down.
There is a stone staircase leading up here.
Found 5 stones and a scroll labelled WUKEBAPHEMN.
The orc shouts!
The orc wizard shouts!
The orc wizard gestures wildly while chanting.
The orc wizard flickers and vanishes!
Deactivating autopickup; reactivate with Ctrl-A.
There is a stone staircase leading up here.
You sock the orc!
You kill the orc!
Trog accepts your kill. The adder closely misses you.
You hit the adder but do no damage. The orc hits you but does no damage.
Something hits you but does no damage. The adder bites you but does no damage.
You thump the phantom!
The phantom is severely damaged.
The adder barely misses you. The phantom hits you.
The phantom blinks!
You blink.
You barely miss the phantom. Your kick misses the phantom.
The phantom is severely damaged.
The phantom hits you but does no damage.
You completely miss the phantom. Your kick misses the phantom.
The phantom is severely damaged.
The phantom hits you but does no damage.
The orc hits you with a +0 club.
You miss the phantom. Your kick misses the phantom.
The phantom is severely damaged.
The orc hits you with a +0 club.
The phantom hits you but does no damage.
The adder bites you but does no damage. The orc hits you but does no damage.
The phantom hits you.
You sock the phantom!
You destroy the phantom!
Trog accepts your kill. The adder barely misses you.
You sock the adder!
You kill the adder!
Trog accepts your kill. The orc hits you but does no damage.
You closely miss the orc. Something hits you. The orc closely misses you.
The orc hits you with a +0 club.
You sock the orc!
You kill the orc!
Trog accepts your kill. The orc hits you with a +0 club.
Something hits you but does no damage.
You closely miss the orc. The orc hits you but does no damage.
Something completely misses you.
You thump the orc!
You kill the orc!
Trog accepts your kill. Something hits you but does no damage.
No target in view!
No target in view!
No target in view!
No target in view!
No target in view!
No target in view!
No target in view!
No target in view!
No target in view!
No target in view!
No target in view!
No target in view!
No target in view!
No target in view!
No target in view!
No target in view!
No target in view!
No target in view!
No target in view!
No target in view!
You sock something! Trog accepts your kill.
Trog appreciates your killing of a magic user.
Reactivating autopickup.
You feel a bit more experienced.
Things that are here:
a +0 dagger; a +0 robe; an orc corpse HP restored.
Found a stone staircase leading up.
I - a +0 helmet You start putting on your armour.
You continue putting on your +0 helmet. x4
You finish putting on your +0 helmet.
You see here a +0 mace.
You see here 5 stones.
F - 2 scrolls labelled WUKEBAPHEMN (gained 1)
You now have 327 gold pieces (gained 10).
You hear the slow rusting of a very distant drain.
J - a lumpy blue potion A jelly comes into view.
A jelly is nearby!
A jelly is nearby!
Found a scroll labelled DIRCHO JUPUESM.
The jelly hits you but does no damage.
You sock the jelly! The acid corrodes you!
Your hands burn!
You kick the jelly, but do no damage.
The jelly is almost dead.
The jelly hits you. The acid corrodes you!
You are splashed with acid!
You hit the jelly.
You kill the jelly!
Trog accepts your kill.
No target in view!
No target in view!
No target in view!
No target in view!
No target in view!
A hound comes into view.
A hound is nearby!
A hound is nearby!
An orc warrior and an orc come into view.
The orc shouts!
An orc comes into view. It is wielding a +0 club.
The hound barks!
An orc comes into view. It is wielding a +0 trident of venom.
The hound bites you.
The orc warrior hits you with a +0 glaive!!
A demonic guardian appears!
You are too injured to fight recklessly!
You are too injured to fight recklessly!
You are too injured to fight recklessly!
You are too injured to fight recklessly!
You are too injured to fight recklessly!
You are too injured to fight recklessly!
There are monsters nearby!
There are monsters nearby!
The orc warrior hits you from afar with a +0 glaive.
The hound closely misses you. The orc closely misses you.
Your white imp barely misses the orc.
The orc barely misses something.
The hound misses you. The hound closely misses you.
Your white imp gestures at the hound.
The puff of frost hits the hound!
The orc barely misses your white imp. The hound bites your white imp.
Your white imp hits the hound.
Your white imp freezes the hound.
The hound bites your white imp but does no damage.
The orc barely misses your white imp.
Your white imp barely misses the hound.
The hound bites your white imp. The orc barely misses your white imp.
The hound closely misses your white imp.
Your white imp closely misses the hound.
You are no longer corroded.
The hound bites your white imp.
Your white imp dies!
Your white imp disappears in a puff of smoke!
You hear the slow rusting of a very distant drain.
A red film seems to cover your vision as you go berserk!
You feel yourself moving faster!
You feel mighty!
The orc warrior hits you from afar with a +0 glaive!
You are too injured to fight recklessly!
You are too injured to fight recklessly!
You are too injured to fight recklessly!
You are too injured to fight recklessly!
You are too injured to fight recklessly!
You are too injured to fight recklessly!
You are too injured to fight recklessly!
You feel a strong urge to attack something.
The orc warrior barely misses you.
You sock the orc warrior! You kick the orc warrior.
The orc warrior is almost dead.
You sock the orc warrior!
You kill the orc warrior!
Trog accepts your kill.
Your Maces & Flails skill increases to level 9!
You have reached level 8!
You feel clever.
You hit the orc. Your kick misses the orc.
The orc is severely wounded.
You thump the orc!
You kill the orc!
Trog accepts your kill.
You hit the orc.
You kill the orc!
Trog accepts your kill. The orc misses you.
You sock the hound!
You kill the hound!
Trog accepts your kill. The orc hits you but does no damage.
You are poisoned.
Items here: $ ))) ? [[ †††.
You sock the orc!
You kill the orc!
Trog accepts your kill.
You feel sick.
You feel sick.
You now have 333 gold pieces (gained 6).
Things that are here:
a +0 trident of venom; a +0 leather armour; an orc corpse You feel sick.
You feel a strong urge to attack something.
You feel sick.
You are no longer berserk.
You are exhausted.
You feel yourself slow down.
You feel sick.
Things that are here:
a +0 trident of venom; a +0 leather armour; an orc corpse You feel sick.
You now have 356 gold pieces (gained 23).
K - a scroll labelled GITSATT POQADU
Items here: ))) [[ †††.
You feel sick.
You feel sick.
You start resting.
You feel sick.
You are no longer poisoned.
You start resting.
HP restored.
Unknown command.
Items here: ))) [[ †††.
c - 10 scrolls labelled DIRCHO JUPUESM (gained 1)
You hear the slow rusting of a very distant drain.
You feel yourself speed up.
Found a stone staircase leading down.
Found 8 stones.
You recover from your berserk rage.
An iguana comes into view.
The iguana moves out of view.
No target in view!
No target in view!
No target in view!
No target in view!
No target in view!
Maggie the Vainglorious comes into view.
She is wielding a +0 war axe of flaming and carrying a wand of polymorph (10).
Maggie shouts!
Maggie gestures wildly while chanting.
Maggie attempts to bespell you!
You are mesmerised by Maggie!
Maggie is nearby!
Maggie is nearby!
Maggie is nearby!
Maggie gestures at you while chanting. The bolt of fire hits you!
A demonic guardian appears!
A centaur comes into view.
Found a stone.
Found a stone staircase leading down.
The centaur shouts!
The centaur wields a +0 shortbow.
The centaur shoots an arrow.
The arrow barely misses you. Maggie gestures at you while chanting.
The bolt of fire hits you!
The centaur shoots an arrow.
The arrow hits you.
Maggie gestures wildly while chanting.
Maggie draws you further into her thrall.
The centaur shoots an arrow.
The arrow hits you.
You are too injured to fight recklessly!
Maggie gestures at you while chanting. The bolt of fire hits you!!
* * * LOW HITPOINT WARNING * * *
Your white imp gestures at Maggie.
The puff of frost hits Maggie!
You are too mesmerised to rage.
Maggie casts a spell.
Maggie draws you further into her thrall.
The centaur shoots an arrow.
The arrow barely misses you.
The centaur unwields a +0 shortbow.
The centaur hits you but does no damage.
The centaur kicks you but does no damage.
Maggie hits you with a +0 war axe of flaming!
* * * LOW HITPOINT WARNING * * *
Maggie burns you.
* * * LOW HITPOINT WARNING * * *
You are too mesmerised to rage.
You thump Maggie!
Maggie is moderately wounded.
You block the centaur's attack.
The centaur kicks you but does no damage.
Maggie closely misses you.
You are too mesmerised to rage.
You closely miss Maggie. Your kick misses Maggie.
Maggie is moderately wounded.
The centaur hits you but does no damage.
The centaur kicks you but does no damage.
The centaur hits you but does no damage.
You block the centaur's attack.
Maggie says, "How do the people who live here stand the isolation?"
Maggie hits you with a +0 war axe of flaming.
* * * LOW HITPOINT WARNING * * *
Maggie burns you.
You die...

#.# #.###.. #.# #.#....
#.#########.#.##.
###.............##.
######.........###.####
#..............# #.#
#..........###.# #.#
#.....c....###.# #.#
#.....@@5...........
#.......(..#....##..
######.....#........
#...>.....#..
............
#........####
#........+ ###......#


You could see Maggie (mesmerising, ally target), a centaur and a friendly white
imp (summoned).

Vanquished Creatures
  A water moccasin (D:5)
  An orc warrior (D:6)
  An ogre (D:5)
  A phantom (D:6)
  Blork the orc (D:4)
  2 howler monkeys (D:5)
  A jelly (D:6)
  3 hounds
  An orc priest (D:4)
  Crazy Yiuf (D:2)
  Jessica (D:3)
  6 orc wizards
  Ijyb (D:3)
  2 iguanas
  9 adders
  2 worms
  5 dart slugs
  11 orcs
  7 ball pythons
  7 endoplasms
  6 giant cockroaches
  7 goblins
  6 hobgoblins
  4 jackals
  5 kobolds
  3 quokkas
  3 bats
  7 frilled lizards
  2 rats (D:1)
  A spectral hobgoblin (D:2)
108 creatures vanquished.

Notes
Turn   | Place    | Note
-------+----------+-------------------------------------------
     0 | D:1      | sleeves the Demonspawn Berserker began the quest for the
                  | Orb.
     0 | D:1      | Reached XP level 1. HP: 18/18 MP: 1/1
    86 | D:1      | Reached skill level 3 in Maces & Flails
   145 | D:1      | Gained mutation: You have a somewhat thin skeletal
                  | structure. (Dex +2, Stealth+) [demonic ancestry]
   145 | D:1      | Reached XP level 2. HP: 24/24 MP: 2/2
   888 | D:2      | Found a faded altar of an unknown god.
   893 | D:2      | Gained mutation: A weak demonic guardian rushes to your
                  | aid. [demonic ancestry]
   893 | D:2      | Reached XP level 3. HP: 29/29 MP: 3/3
   978 | D:2      | Reached skill level 4 in Maces & Flails
  1173 | D:2      | Reached ** piety under Trog
  1310 | D:2      | Found a runed translucent door.
  1311 | D:2      | Noticed Crazy Yiuf
  1408 | D:2      | Killed Crazy Yiuf
  1409 | D:2      | Reached XP level 4. HP: 35/35 MP: 4/4
  1414 | D:2      | Identified the +10 hammer of Lomis {vorpal, rElec rN+
                  | Str+5}
  1565 | D:3      | Reached skill level 5 in Maces & Flails
  1611 | D:3      | Noticed Jessica
  1619 | D:3      | Killed Jessica
  1620 | D:3      | Reached XP level 5. HP: 41/41 MP: 5/5
  1993 | D:3      | Noticed Ijyb
  1999 | D:3      | Killed Ijyb
  2391 | D:4      | Found a staircase to the Ecumenical Temple.
  2430 | D:4      | Noticed Blork the orc
  2432 | D:4      | Reached skill level 6 in Maces & Flails
  2440 | D:4      | Killed Blork the orc
  2441 | D:4      | Gained mutation: You regenerate magic rapidly. [demonic
                  | ancestry]
  2441 | D:4      | Reached XP level 6. HP: 30/47 MP: 6/6
  2632 | D:4      | Reached *** piety under Trog
  2840 | D:4      | Reached skill level 7 in Maces & Flails
  3268 | D:5      | Entered Level 5 of the Dungeon
  3277 | D:5      | Gained mutation: You have large cloven feet. [demonic
                  | ancestry]
  3277 | D:5      | Reached XP level 7. HP: 52/52 MP: 7/7
  3343 | D:5      | Reached skill level 8 in Maces & Flails
  3660 | D:6      | Reached skill level 9 in Maces & Flails
  3660 | D:6      | Reached XP level 8. HP: 52/58 MP: 8/8
  3730 | D:6      | Noticed Maggie
  3734 | D:6      | HP: 13/58 [Maggie/bolt of fire (19)]
  3736 | D:6      | HP: 6/58 [Maggie/+0 war axe of flaming (9)]
  3736 | D:6      | HP: 2/58 [Maggie/+0 war axe of flaming (4)]
  3738 | D:6      | Slain by Maggie

Illustrated notes

Levels and vault maps discovered:
D:1:      wheals_arrival_shading, layout_basic
D:2:      layout_basic, dreamdust_ecumenical_altar_drowned_temple,
          minmay_octomino_j4, uniq_crazy_yiuf_cottage
D:3:      layout_loops_corners, minmay_misc_feat_roman, grunt_ministairs_11,
          minmay_starry_boxes, uniq_jessica, uniq_ijyb
D:4:      layout_cave_pods, mainiacjoe_overflow_concentric_impassable,
          minmay_temple_entry_gardened_gates, uniq_blork_the_orc
D:5:      layout_basic
D:6:      layout_rooms, mainiacjoe_overflow_surrounded_room,
          cheibrodos_sewer_entry_bend, uniq_maggie

Skill      XL: |  1  2  3  4  5  6  7 |
---------------+----------------------+-----
Maces & Flails | 3 4 5 6 7 9 |  9.2
Fighting       | |  3.0
Armour         | |  1.7
Dodging        | |  1.7

Action                   |  1- 3 |  4- 6 |  7- 9 || total
-------------------------+-------+-------+-------++-------
Melee: Mace              |   110 |    91 |    51 ||   252
       Kick              |       |       |     6 ||     6
Invok: Berserk           |     1 |     2 |     1 ||     4
 Stab: Sleeping          |     2 |     5 |       ||     7
Armor: Ring mail         |    49 |    19 |    35 ||   103
       Animal skin       |     3 |       |       ||     3
Dodge: Dodged            |    71 |    47 |    24 ||   142
Block: Buckler           |       |     9 |     6 ||    15

Table legend: (Time is in decaauts)
 A = Elapsed time spent in this place.
 B = Non-inter-level travel time spent in this place.
 C = Inter-level travel time spent in this place.
 D = Time resting spent in this place.
 E = Time spent auto-exploring this place.
 F = Levels seen in this place.
 G = Mean time per level.
                   A        B        C        D        E       F      G
               +--------+--------+--------+--------+--------+-----+--------+
         Total |   3811 |   3633 |    178 |     27 |   2876 |   6 |  635.2 |
       Dungeon |   3811 |   3633 |    178 |     27 |   2876 |   6 |  635.2 |
               +--------+--------+--------+--------+--------+-----+--------+

Top non-repeatable levels by time:
     D:3: 918 daAuts
     D:4: 906 daAuts
     D:1: 855 daAuts
     D:2: 646 daAuts
     D:5: 291 daAuts
     D:6: 193 daAuts
